BSA
PHILADELPHIA ATHLETICS @ SPRINGFIELD STARS
09/09/2030
 
TOP OF THE 1ST
Philadelphia Athletics batting - Pitching for Springfield Stars : RHP Claudio Martínez
Pitching: RHP Claudio Martínez
Batting: SHB Héctor Padilla 0-0: Ball
1-0: Swinging Strike
1-1: Ball
2-1: Called Strike
2-2: Ball
3-2: Strikes out swinging
Batting: LHB Brian Boone 0-0: Ball
1-0: Ball
2-0: Fly out, F8 (Flyball, 8LM)
Batting: RHB Tony Morton 0-0: Ball
1-0: DOUBLE (Line Drive, 9LD)
Batting: RHB Alfredo Rivera 0-0: Swinging Strike
0-1: Foul Ball, location: 2F
0-2: Strikes out looking
Top of the 1st over - 0 runs, 1 hit, 0 errors, 1 left on base; Philadelphia 0 - Springfield 0
BOTTOM OF THE 1ST
Springfield Stars batting - Pitching for Philadelphia Athletics : LHP Tom Miller
Pitching: LHP Tom Miller
Batting: RHB Norberto Taváres 0-0: Called Strike
0-1: Ball
1-1: Foul Ball, location: 2F
1-2: Strikes out swinging
Batting: LHB Jesús Tobías 0-0: SINGLE (Line Drive, 9S)
Batting: LHB Derek Davidson 0-0: Fly out, F3 (Popup, 13S)
Batting: LHB Felipe Guerrero 0-0: Foul Ball, location: 2F
0-1: Ball
1-1: Ball
2-1: Called Strike
2-2: Strikes out swinging
Bottom of the 1st over - 0 runs, 1 hit, 0 errors, 1 left on base; Philadelphia 0 - Springfield 0
TOP OF THE 2ND
Philadelphia Athletics batting - Pitching for Springfield Stars : RHP Claudio Martínez
Batting: LHB Carter Sweet 0-0: Ball
1-0: Ball
2-0: Called Strike
2-1: Foul Ball, location: 2F
2-2: Ball
3-2: Fly out, F3 (Line Drive, 3S)
Batting: RHB Valentín Borges 0-0: Called Strike
0-1: Foul Ball, location: 2F
0-2: Ball
1-2: Ball
2-2: Foul Ball, location: 2F
2-2: Ball
3-2: Ground out 4-3 (Groundball, 4)
Batting: RHB Felipe Rivera 0-0: Swinging Strike
0-1: Swinging Strike
0-2: Fly out, F9 (Flyball, 89M)
Top of the 2nd over - 0 runs, 0 hits, 0 errors, 0 left on base; Philadelphia 0 - Springfield 0
BOTTOM OF THE 2ND
Springfield Stars batting - Pitching for Philadelphia Athletics : LHP Tom Miller
Batting: LHB Elliott Newell 0-0: Ball
1-0: Called Strike
1-1: Swinging Strike
1-2: Ball
2-2: Foul Ball, location: 2F
2-2: Ball
3-2: Strikes out swinging
Batting: RHB Calvin Bennett 0-0: Ball
1-0: Ball
2-0: Ball
3-0: Called Strike
3-1: Foul Ball, location: 2F
3-2: Fly out, F8 (Flyball, 8LM)
Batting: SHB António De La Cruz 0-0: Called Strike
0-1: Ground out 6-3 (Groundball, 56)
Bottom of the 2nd over - 0 runs, 0 hits, 0 errors, 0 left on base; Philadelphia 0 - Springfield 0
TOP OF THE 3RD
Philadelphia Athletics batting - Pitching for Springfield Stars : RHP Claudio Martínez
Batting: RHB Miguel Encarnación 0-0: Ball
1-0: Foul Ball, location: 2F
1-1: Ball
2-1: Ball
3-1: Called Strike
3-2: Foul Ball, location: 2F
3-2: Base on Balls
Batting: RHB Eric Neal 0-0: Called Strike
0-1: Called Strike
0-2: Foul Ball, location: 2F
0-2: Strikes out looking
Batting: SHB Héctor Padilla 0-0: Ball
Miguel Encarnación is caught stealing 2nd base
1-0: Called Strike
1-1: Swinging Strike
1-2: Ball
2-2: Strikes out looking
Top of the 3rd over - 0 runs, 0 hits, 0 errors, 0 left on base; Philadelphia 0 - Springfield 0
BOTTOM OF THE 3RD
Springfield Stars batting - Pitching for Philadelphia Athletics : LHP Tom Miller
Batting: LHB Mike Pearson 0-0: Ball
1-0: Ground out 6-3 (Groundball, 6)
Batting: RHB Juan Carlos Rodríguez 0-0: Ball
1-0: Called Strike
1-1: Foul Ball, location: 2F
1-2: Ball
2-2: Ball
3-2: Base on Balls
Batting: RHB Norberto Taváres 0-0: Called Strike
0-1: Foul Ball, location: 2F
0-2: Ball
1-2: Ball
Wild Pitch!
Juan Carlos Rodríguez to second
2-2: SINGLE (Groundball, 4MD)
Juan Carlos Rodríguez to third
Batting: LHB Jesús Tobías 0-0: Called Strike
0-1: Ball
1-1: SINGLE (Groundball, 4MD)
Juan Carlos Rodríguez scores
Norberto Taváres to second
Runner from 2nd tries for 3rd, SAFE, no throw
Batting: LHB Derek Davidson 0-0: Swinging Strike
0-1: Ball
1-1: Ball
2-1: Ball
3-1: Swinging Strike
3-2: Base on Balls
Jesús Tobías to second
Batting: LHB Felipe Guerrero 0-0: Called Strike
0-1: Ball
1-1: Foul Ball, location: 2F
1-2: Strikes out looking
Batting: LHB Elliott Newell 0-0: Swinging Strike
0-1: Swinging Strike
0-2: Ball
1-2: Ball
2-2: Foul Ball, location: 2F
2-2: Strikes out looking
Bottom of the 3rd over - 1 run, 2 hits, 0 errors, 3 left on base; Philadelphia 0 - Springfield 1
TOP OF THE 4TH
Philadelphia Athletics batting - Pitching for Springfield Stars : RHP Claudio Martínez
Batting: LHB Brian Boone 0-0: Called Strike
0-1: Foul Ball, location: 2F
0-2: Strikes out looking
Batting: RHB Tony Morton 0-0: Foul Ball, location: 2F
0-1: Fly out, F8 (Line Drive, 8RM)
Batting: RHB Alfredo Rivera 0-0: Ball
1-0: Ground out 5-3 (Groundball, 56S)
Top of the 4th over - 0 runs, 0 hits, 0 errors, 0 left on base; Philadelphia 0 - Springfield 1
BOTTOM OF THE 4TH
Springfield Stars batting - Pitching for Philadelphia Athletics : LHP Tom Miller
Batting: RHB Calvin Bennett 0-0: Ball
1-0: Ball
2-0: Ball
3-0: Called Strike
3-1: SINGLE (Groundball, 4MD)
Batting: SHB António De La Cruz 0-0: Called Strike
Calvin Bennett steals 2nd base
0-1: Foul Ball, location: 2F
0-2: Fly out, F9 (Flyball, 9S)
Batting: LHB Mike Pearson 0-0: Called Strike
Calvin Bennett steals 3rd base
0-1: Foul Ball, location: 2F
0-2: Ball
1-2: Ball
2-2: Ball
3-2: Base on Balls
Batting: RHB Juan Carlos Rodríguez 0-0: Ball
1-0: Ball
2-0: Fly out, F7 (Flyball, 78XD)
Runner from 3rd tags up, SCORES, no throw
Batting: RHB Norberto Taváres 0-0: Ball
1-0: Swinging Strike
1-1: Swinging Strike
1-2: Foul Ball, location: 2F
1-2: Foul Ball, location: 2F
1-2: Ball
2-2: Foul Ball, location: 2F
2-2: Ball
3-2: Ground out 6-3 (Groundball, 6)
Bottom of the 4th over - 1 run, 1 hit, 0 errors, 1 left on base; Philadelphia 0 - Springfield 2
TOP OF THE 5TH
Philadelphia Athletics batting - Pitching for Springfield Stars : RHP Claudio Martínez
Batting: LHB Carter Sweet 0-0: Ball
1-0: Foul Ball, location: 2F
1-1: Called Strike
1-2: Fly out, F6 (Flyball, 6D)
Batting: RHB Valentín Borges 0-0: Swinging Strike
0-1: Called Strike
0-2: Ball
1-2: Ball
2-2: Strikes out swinging
Batting: RHB Felipe Rivera 0-0: Called Strike
0-1: Called Strike
0-2: Foul Ball, location: 2F
0-2: Strikes out swinging
Top of the 5th over - 0 runs, 0 hits, 0 errors, 0 left on base; Philadelphia 0 - Springfield 2
BOTTOM OF THE 5TH
Springfield Stars batting - Pitching for Philadelphia Athletics : LHP Tom Miller
Batting: LHB Jesús Tobías 0-0: Ball
1-0: Ball
2-0: Ball
3-0: Called Strike
3-1: Swinging Strike
3-2: Ground out U3 (Groundball, 34S)
Batting: LHB Derek Davidson 0-0: Ball
1-0: Called Strike
1-1: Ground out 5-3 (Groundball, 56S)
Batting: LHB Felipe Guerrero 0-0: Called Strike
0-1: Ground out 6-3 (Groundball, 6S)
Bottom of the 5th over - 0 runs, 0 hits, 0 errors, 0 left on base; Philadelphia 0 - Springfield 2
TOP OF THE 6TH
Philadelphia Athletics batting - Pitching for Springfield Stars : RHP Claudio Martínez
Batting: RHB Miguel Encarnación 0-0: Ball
1-0: Swinging Strike
1-1: Ball
2-1: Swinging Strike
2-2: Strikes out swinging
Batting: RHB Eric Neal 0-0: Called Strike
0-1: Foul Ball, location: 2F
0-2: Ball
1-2: Ground out 6-3 (Groundball, 6)
Batting: SHB Héctor Padilla 0-0: Called Strike
0-1: Called Strike
0-2: Ball
1-2: Strikes out swinging
Top of the 6th over - 0 runs, 0 hits, 0 errors, 0 left on base; Philadelphia 0 - Springfield 2
BOTTOM OF THE 6TH
Springfield Stars batting - Pitching for Philadelphia Athletics : LHP Tom Miller
Batting: LHB Elliott Newell 0-0: Ball
1-0: Ground out 3-1 (Groundball, 34)
Batting: RHB Calvin Bennett 0-0: Ball
1-0: Reached on error, E5 (Groundball, 5L)
Batting: SHB António De La Cruz 0-0: Ball
1-0: Fly out, F4 (Popup, 13)
Batting: LHB Mike Pearson 0-0: Foul Ball, location: 2F
0-1: Called Strike
0-2: Fly out, F9 (Flyball, 9LM)
Bottom of the 6th over - 0 runs, 0 hits, 1 error, 1 left on base; Philadelphia 0 - Springfield 2
TOP OF THE 7TH
Philadelphia Athletics batting - Pitching for Springfield Stars : RHP Claudio Martínez
Batting: LHB Brian Boone 0-0: Ball
1-0: Ball
2-0: Foul Ball, location: 2F
2-1: Fly out, F5 (Popup, 56S)
Batting: RHB Tony Morton 0-0: Ball
1-0: Swinging Strike
1-1: Foul Ball, location: 2F
1-2: Fly out, F9 (Line Drive, 89XD)
Batting: RHB Alfredo Rivera 0-0: Ground out 5-3 (Groundball, 5S)
Top of the 7th over - 0 runs, 0 hits, 0 errors, 0 left on base; Philadelphia 0 - Springfield 2
BOTTOM OF THE 7TH
Springfield Stars batting - Pitching for Philadelphia Athletics : LHP Tom Miller
Pitching: RHP Ricardo Pérez
Batting: RHB Juan Carlos Rodríguez 0-0: SINGLE (Line Drive, 4MD)
Batting: RHB Norberto Taváres 0-0: Ball
1-0: Ball
2-0: Called Strike
2-1: Ball
3-1: Base on Balls
Juan Carlos Rodríguez to second
Batting: LHB Jesús Tobías 0-0: Ball
1-0: Sac Bunt - play at third, runner OUT! 3-5
Norberto Taváres to second
Batting: LHB Derek Davidson 0-0: Ball
1-0: Ball
2-0: Ball
3-0: Base on Balls
Norberto Taváres to third
Jesús Tobías to second
Batting: LHB Felipe Guerrero 0-0: Swinging Strike
0-1: Ball
1-1: Ball
2-1: GRAND SLAM HOME RUN (Flyball, 7D), Distance : 378 ft
Pitching: RHP George Nelson
Batting: LHB Elliott Newell 0-0: Called Strike
0-1: Ball
1-1: Ball
2-1: Fly out, F8 (Flyball, 8LD)
Batting: RHB Calvin Bennett 0-0: Ball
1-0: Ball
2-0: Called Strike
2-1: Foul Ball, location: 2F
2-2: Ball
3-2: Ground out 6-3 (Groundball, 6)
Bottom of the 7th over - 4 runs, 2 hits, 0 errors, 0 left on base; Philadelphia 0 - Springfield 6
TOP OF THE 8TH
Philadelphia Athletics batting - Pitching for Springfield Stars : RHP Claudio Martínez
Batting: LHB Carter Sweet 0-0: Ball
1-0: Ground out 3-1 (Groundball, 34)
Batting: RHB Valentín Borges 0-0: Swinging Strike
0-1: Ball
1-1: Called Strike
1-2: Strikes out swinging
Batting: RHB Felipe Rivera 0-0: Fly out, F9 (Flyball, 9)
Top of the 8th over - 0 runs, 0 hits, 0 errors, 0 left on base; Philadelphia 0 - Springfield 6
BOTTOM OF THE 8TH
Springfield Stars batting - Pitching for Philadelphia Athletics : RHP George Nelson
Batting: SHB António De La Cruz 0-0: Foul Ball, location: 2F
0-1: Foul Ball, location: 2F
0-2: Foul Ball, location: 2F
0-2: Ball
1-2: Ball
2-2: Fly out, F7 (Flyball, 78D)
Batting: LHB Mike Pearson 0-0: Called Strike
0-1: Foul Ball, location: 2F
0-2: Fly out, F7 (Flyball, 7)
Batting: RHB Juan Carlos Rodríguez 0-0: SINGLE (Line Drive, 56)
Batting: RHB Norberto Taváres 0-0: Ball
1-0: Ball
2-0: Called Strike
2-1: Ball
3-1: Base on Balls
Juan Carlos Rodríguez to second
Batting: LHB Jesús Tobías 0-0: Ball
1-0: Ball
2-0: Called Strike
2-1: DOUBLE (Line Drive, 78D)
Juan Carlos Rodríguez scores
Norberto Taváres to third
Runner from 3rd tries for Home, SAFE, no throw
Batting: LHB Derek Davidson 0-0: Ball
1-0: Swinging Strike
1-1: Ball
2-1: Ball
3-1: Ground out 4-3 (Groundball, 4)
Bottom of the 8th over - 2 runs, 2 hits, 0 errors, 1 left on base; Philadelphia 0 - Springfield 8
TOP OF THE 9TH
Philadelphia Athletics batting - Pitching for Springfield Stars : RHP Claudio Martínez
Batting: RHB Miguel Encarnación 0-0: Called Strike
0-1: Ball
1-1: Foul Ball, location: 2F
1-2: Ball
2-2: Strikes out swinging
Pitching: RHP Jeff Mann
Batting: RHB Eric Neal 0-0: Called Strike
0-1: Called Strike
0-2: Strikes out swinging
Batting: SHB Héctor Padilla 0-0: Ball
1-0: Called Strike
1-1: Foul Ball, location: 2F
1-2: SINGLE (Line Drive, 34)
Batting: LHB Brian Boone 0-0: Ball
1-0: Foul Ball, location: 2F
1-1: Foul Ball, location: 2F
1-2: Ball
2-2: Foul Ball, location: 2F
2-2: Strikes out looking
Top of the 9th over - 0 runs, 1 hit, 0 errors, 1 left on base; Philadelphia 0 - Springfield 8
Saturday, April 7th, 2018 - OOTP Baseball 18.8 Build 76